 Dungeon Crawl Stone Soup version 0.28.0 (webtiles) character file.

Game seed: 1486486131861830588

375 RighteousDevil the Ruffian (level 6, -1/59 HPs)
             Began as a Troll Monk on Feb 18, 2022.
             Killed by nerve-wracking pain
             ... invoked by Menkaure
              (9 damage)
             ... on level 4 of the Dungeon.
             The game lasted 00:03:35 (2119 turns).

RighteousDevil the Ruffian (Troll Monk)             Turns: 2119, Time: 00:03:36

Health: -1/59      AC:  4    Str: 20    XL:     6   Next: 44%
Magic:  5/5        EV: 10    Int:  8    God:
Gold:   88         SH:  0    Dex: 14    Spells: 5/5 levels left

rFire   . . .      SeeInvis .     - Unarmed
rCold   . . .      Faith    .   (no shield)
rNeg    . . .      Spirit   .   h - +0 robe
rPois   .          Reflect  .   (helmet restricted)
rElec   .          Harm     .   (no cloak)
rCorr   .          Rampage  .   (gloves unavailable)
Will    .....                   (boots unavailable)
Stlth   ++........              c - amulet of the acrobat
HPRegen 0.99/turn               (no ring)
MPRegen 0.09/turn               (no ring)

@: no status effects
A: large, unfitting armour, claws 3, regeneration 1, shaggy fur 1, tough skin 1,
clever 1, high MP 1
a: no special abilities


You were on level 4 of the Dungeon.
You visited 1 branch of the dungeon, and saw 4 of its levels.

You collected 88 gold pieces.

Inventory:

Hand Weapons
 a - a +2 spectral club
Armour
 h - a +0 robe (worn)
Jewellery
 c - an amulet of the acrobat (around neck)
 d - an amulet of magic regeneration
 g - an amulet of guardian spirit
Scrolls
 f - a scroll of teleportation
Potions
 b - a potion of mutation
 e - a potion of lignification {unknown}
 i - 2 potions of curing {unknown}
 j - a potion of berserk rage {unknown}
 k - 2 potions of resistance {unknown}


   Skills:
 - Level 2.4 Fighting
 - Level 2.4 Dodging
 - Level 1.0 Stealth
 + Level 7.3 Unarmed Combat


You had 5 spell levels left.
You didn't know any spells.
Your spell library was empty.

Dungeon Overview and Level Annotations

Branches:
Dungeon (4/15)
 Temple: D:4-7

Altars:
Dithmenos
Qazlal

Shops:
D:3 :

Annotations:
D:4 Menkaure


Innate Abilities, Weirdness & Mutations

You are too large for most types of armour.
You have claws for hands.
Your natural rate of healing is unusually fast.
You are covered in fur. (AC +1)
You have tough skin. (AC +1)
Your mind is acute. (Int +2)
You have an increased reservoir of magic. (+10% MP)


Message History

The hound is almost dead.
The hound bites you.
Menkaure whispers, "It doesn't hurt if you pull your brain out of your nose yourself."
You closely miss the hound.
The hound is almost dead.
The hound bites you.
You closely miss the hound.
The hound is almost dead.
The hound barely misses you. x2
You closely miss the hound.
The hound is almost dead.
The hound bites you but does no damage.
You claw the hound!
You kill the hound!
You barely miss Menkaure. Menkaure barely misses you.
You completely miss Menkaure. Menkaure barely misses you. Menkaure hits you!
You barely miss Menkaure.
Menkaure calls on the powers of darkness!
Your body is wracked with pain!
You are too injured to fight recklessly!
You are too injured to fight recklessly!
You are too injured to fight recklessly!
You are too injured to fight recklessly!
You are too injured to fight recklessly!
You are too injured to fight recklessly!
You are too injured to fight recklessly!
You scratch Menkaure.
Menkaure is moderately damaged.
You scratch Menkaure but do no damage.
Menkaure is moderately damaged.
Menkaure hits you!!
* * * LOW HITPOINT WARNING * * *
You claw Menkaure!
Menkaure is severely damaged.
Menkaure hits you but does no damage.
You scratch Menkaure.
Menkaure is severely damaged.
Menkaure points at you and mumbles some strange words.
Pain shoots through your body!
You die...

*,* *,,,********* *,*
*,*,,,,,,,,,, #.#
*,,,********* #.# *****
*, #.# *, #.# *, #.# *,
#.##########*** *,
#####...@M..$...,,******,
#......#####....,,,,,,,,,
#.###.## *<**#*,*******
*,* #.# *,* *,* *,* #.#
*,* *,* *,* #.# *,* *,***
*,* #.######,* *,,,* *,*
#......#,* ***,* **,*
######.#,* #.*


You could see Menkaure (fast).

Vanquished Creatures
  A necrophage (D:3)
  2 hounds (D:4)
  An orc priest (D:2)
  Jessica (D:3)
  Terence (D:3)
  3 gnolls (D:3)
  4 adders
  2 dart slugs
  7 orcs
  3 ball pythons
  6 bats (D:2)
  5 endoplasms
  5 hobgoblins
  4 jackals (D:2)
  4 quokkas
  3 frilled lizards
  11 goblins
  6 kobolds
  9 rats
78 creatures vanquished.

Notes
Turn   | Place    | Note
-------+----------+-------------------------------------------
     0 | D:1      | RighteousDevil the Troll Monk began the quest for the Orb.
     0 | D:1      | Reached XP level 1. HP: 22/22 MP: 0/0
   203 | D:1      | Reached XP level 2. HP: 29/29 MP: 1/1
   576 | D:2      | Reached skill level 4 in Unarmed Combat
   607 | D:2      | Reached XP level 3. HP: 15/36 MP: 2/2
   854 | D:2      | Reached skill level 5 in Unarmed Combat
   854 | D:2      | Reached XP level 4. HP: 8/44 MP: 3/3
   934 | D:2      | Gained mutation: You have an increased reservoir of magic.
                  | (+10% MP) [potion of mutation]
   934 | D:2      | Gained mutation: Your mind is acute. (Int +2) [potion of
                  | mutation]
  1247 | D:2      | Found a faded altar of an unknown god.
  1521 | D:3      | Found Hidauph's Book Shoppe.
  1585 | D:3      | Noticed Jessica
  1592 | D:3      | Killed Jessica
  1593 | D:3      | Reached XP level 5. HP: 49/50 MP: 4/4
  1616 | D:3      | Noticed Terence
  1622 | D:3      | Killed Terence
  1623 | D:3      | Reached skill level 6 in Unarmed Combat
  1685 | D:3      | Noticed a necrophage
  1699 | D:3      | Killed a necrophage
  1700 | D:3      | Reached skill level 7 in Unarmed Combat
  1700 | D:3      | Reached XP level 6. HP: 54/59 MP: 5/5
  1934 | D:3      | Found a stormy altar of Qazlal.
  1946 | D:3      | Found a shadowy altar of Dithmenos.
  2101 | D:4      | Noticed Menkaure
  2119 | D:4      | Killed from afar by Menkaure

Illustrated notes

Levels and vault maps discovered:
D:1:      lightli_arrival_statue_moat, layout_rooms, serial_forest,
          infiniplex_forest_end_double, infiniplex_forest_straight_3,
          infiniplex_forest_zigzag_1, infiniplex_forest_lined_ring,
          infiniplex_forest_end_1, chequers_serial_rivers_micro_b
D:2:      layout_basic, basic_ecumenical_altar, grunt_decor_arrowhead
D:3:      layout_rooms, minitemple, serial_shops, shop, uniq_jessica,
          uniq_terence
D:4:      layout_loops_ring, uniq_menkaure, uniq_edmund, uniq_blork_the_orc,
          uniq_crazy_yiuf_cottage

Skill      XL: |  1  2  3  4  5 |
---------------+----------------+-----
Unarmed Combat | 4 5 7 |  7.3
Fighting       | |  2.4
Dodging        | |  2.4
Stealth        | |  1.0

Action                   |  1- 3 |  4- 6 || total
-------------------------+-------+-------++-------
Melee: Unarmed           |    65 |   124 ||   189
       Punch             |     3 |     3 ||     6
  Use: Scroll            |       |     6 ||     6
       Potion            |       |     1 ||     1
 Stab: Sleeping          |     6 |     3 ||     9
Armor: Robe              |    15 |    24 ||    39
       Skin              |       |    10 ||    10
Dodge: Dodged            |    29 |    70 ||    99
